 Dungeon Crawl Stone Soup version 0.20.1-1-g8b1a95d66d (webtiles) character file.

331 MondaySad the Cleaver (level 6, 0/51 HPs)
             Began as a Hill Orc Monk on Dec 15, 2017.
             Succumbed to a worker ant's poison
             ... on level 4 of the Dungeon.
             The game lasted 00:02:38 (3203 turns).

MondaySad the Cleaver (Hill Orc Monk)               Turns: 3203, Time: 00:02:39

Health: 0/51       AC:  7    Str: 16    XL:     6   Next: 52%
Magic:  6/6        EV: 10    Int: 10    God:
Gold:   240        SH:  0    Dex: 13    Spells: 5/5 levels left

rFire    . . .     SeeInvis .   a - +0 hand axe
rCold    . . .     Gourm    .   (no shield)
rNeg     . . .     Faith    .   m - +0 scale mail
rPois    .         Spirit   .   s - +0 helmet
rElec    .         Reflect  .   (no cloak)
rCorr    .         Harm     .   (no gloves)
MR       .....                  (no boots)
Stlth    ..........             (no amulet)
Regen    0.2/turn               (no ring)
MPRegen  0.1/turn               (no ring)

@: lethally poisoned (0 -> -9)
A: no striking features
a: no special abilities


You were on level 4 of the Dungeon.
You were not hungry.

You visited 1 branch of the dungeon, and saw 4 of its levels.

You collected 240 gold pieces.

Inventory:

Hand Weapons
 a - a +0 hand axe (weapon)
Armour
 m - a +0 scale mail (worn)
 s - a +0 helmet (worn)
Jewellery
 r - an uncursed ring of protection from fire {unknown}
 t - an uncursed ring of positive energy {unknown}
Scrolls
 e - 3 scrolls of identify {unknown}
 i - a scroll of noise {unknown}
 j - 3 scrolls of teleportation {unknown}
 k - 2 scrolls of amnesia {unknown}
 l - a scroll of recharging {unknown}
 n - 2 scrolls of blinking {unknown}
 p - a scroll of enchant weapon {unknown}
 q - 2 scrolls of enchant armour {unknown}
 u - a scroll of remove curse {unknown}
Potions
 b - a potion of might {unknown}
 d - 2 potions of lignification {unknown}
 h - 4 potions of curing {unknown}
 o - a potion of flight {unknown}
 x - a potion of haste {unknown}
Comestibles
 c - 3 bread rations
 f - 2 royal jellies
 g - 5 meat rations
 v - 4 chunks of flesh
 w - 4 fruits


   Skills:
 - Level 3.6 Fighting
 + Level 9.3 Axes
 - Level 2.4 Dodging
 - Level 1.5 Stealth


You had 5 spell levels left.
You didn't know any spells.

Dungeon Overview and Level Annotations

Branches:
Dungeon (4/15)
 Temple: D:4-7

Altars:


Message History

* * * LOW HITPOINT WARNING * * *
The gnoll barely misses you.
You hit the gnoll.
You kill the gnoll!
You hit the gnoll. You hit the worker ant. You hit the gnoll.
* * * LOW HITPOINT WARNING * * *
You feel sick.
The worker ant bites you but does no damage.
The gnoll hits you but does no damage. The gnoll closely misses you.
* * * LOW HITPOINT WARNING * * *
You feel sick. The gnoll hits you but does no damage.
Things that are here:
a club; a gnoll corpse
* * * LOW HITPOINT WARNING * * *
You feel sick. The worker ant barely misses you.
* * * LOW HITPOINT WARNING * * *
You feel sick.
The gnoll shaman calls upon its god to heal the gnoll.
The gnoll is healed somewhat.
You die...

.. #.............
....###.........!..
#....g...........
...###ggg######.#. #gg##
##)## #.a# #..######
#.@#..... ####........#
##............ .
##.......#####...
###..#.....#####...
###..................
#####....#.....#..#.#..>.
##......................#.
.........##..<.....#......


You could see a gnoll shaman, a worker ant and 4 gnolls.

Vanquished Creatures
  2 bullfrogs
  A bullfrog zombie (D:4)
  A worker ant (D:4)
  A gnoll (D:4)
  6 adders
  2 worms (D:3)
  2 dart slugs (D:1)
  5 leopard geckos
  An orc (D:3)
  5 giant cockroaches
  5 goblins
  5 hobgoblins
  8 jackals (D:4)
  14 kobolds
  A ball python (D:3)
  3 bats
  6 frilled lizards
  7 rats
75 creatures vanquished.

Notes
Turn   | Place    | Note
-------+----------+-------------------------------------------
     0 | D:1      | MondaySad the Hill Orc Monk began the quest for the Orb.
     0 | D:1      | Reached XP level 1. HP: 19/19 MP: 1/1
   208 | D:1      | Reached XP level 2. HP: 18/26 MP: 2/2
   498 | D:1      | Reached skill level 5 in Axes
   662 | D:1      | Reached XP level 3. HP: 27/31 MP: 3/3
  1398 | D:2      | Reached skill level 6 in Axes
  1512 | D:2      | Reached XP level 4. HP: 38/39 MP: 4/4
  2150 | D:3      | Reached skill level 7 in Axes
  2246 | D:3      | Noticed a bullfrog
  2256 | D:3      | Killed a bullfrog
  2256 | D:3      | Reached XP level 5. HP: 34/45 MP: 5/5
  2674 | D:3      | Reached skill level 8 in Axes
  2826 | D:4      | Reached XP level 6. HP: 37/51 MP: 6/6
  2833 | D:4      | Reached skill level 9 in Axes
  3201 | D:4      | HP: 2/51 [poisoned by a worker ant]
  3203 | D:4      | Succumbed to a worker ant's poison

Skill      XL: |  1  2  3  4  5  6 |
---------------+-------------------+-----
Axes           | 5 6 7 8 9 |  9.3
Fighting       | |  3.6
Dodging        | |  2.4
Stealth        | |  1.5

Action                   |  1- 3 |  4- 6 || total
-------------------------+-------+-------++-------
Melee: Hand axe          |   104 |   147 ||   251
 Stab: Sleeping          |     1 |       ||     1
  Eat: Chunk             |     2 |     5 ||     7
Armor: Robe              |     9 |       ||     9
       Scale mail        |    13 |    73 ||    86
       Leather armour    |     3 |       ||     3
Dodge: Dodged            |    63 |   108 ||   171
